 Dungeon Crawl Stone Soup version 0.26.1-11-gd32895ea62 (webtiles) character file.

Game seed: 9010113722231787807

86 vvl the Changer (level 4, -2/48 HPs)
             Began as a Demonspawn Transmuter on June 18, 2021.
             Slain by a scorpion (5 damage)
             ... on level 3 of the Dungeon.
             The game lasted 00:06:16 (3693 turns).

vvl the Changer (Demonspawn Transmuter)             Turns: 3693, Time: 00:06:17

Health: -2/48      AC: 22    Str: 11    XL:     4   Next: 27%
Magic:  0/7        EV:  2    Int: 15    God:
Gold:   127        SH:  0    Dex: 13    Spells: 6/7 levels left

rFire    . . .     SeeInvis .   k - +0 falchion
rCold    . . .     Faith    .   (no shield)
rNeg     + + +     Spirit   +   (armour currently unavailable)
rPois    +         Reflect  .   (helmet currently unavailable)
rElec    .         Harm     .   (cloak currently unavailable)
rCorr    .         Rampage  .   (gloves currently unavailable)
Will     .....     NoTele   +   (boots currently unavailable)
Stlth    +.........             l - amulet of guardian spirit
HPRegen  0.16/turn              (no ring)
MPRegen  0.10/turn              (no ring)

@: mighty, brilliant, lethally poisoned (-2 -> -7), tree-form
A: rugged brown scales 1, miasma immunity
a: no special abilities


You were on level 3 of the Dungeon.
You were a tree.
You visited 1 branch of the dungeon, and saw 3 of its levels.

You collected 127 gold pieces.

Inventory:

Hand Weapons
 k - a +0 falchion (weapon)
Armour
 a - a +0 robe (melded)
Jewellery
 c - an uncursed amulet of reflection
 l - an amulet of guardian spirit (around neck)
Scrolls
 b - 10 scrolls of identify {unknown}
 e - a scroll of magic mapping {unknown}
 g - 2 scrolls of enchant armour {unknown}
 h - a scroll of fog {unknown}
 i - a scroll of amnesia {unknown}
 n - a scroll of blinking {unknown}
Potions
 d - a potion of might
 f - a potion of brilliance
 j - a potion of lignification
 m - 2 potions of curing {unknown}
 o - a potion of heal wounds {unknown}


   Skills:
 - Level 1.0 Fighting
 - Level 1.7 Dodging
 - Level 2.6 Unarmed Combat
 - Level 2.0 Spellcasting
 + Level 4.2 Transmutations


You had 6 spell levels left.
You knew the following spells:

 Your Spells              Type           Power        Failure   Level
a - Beastly Appendage     Tmut           42%          4%          1

Your spell library contained the following spells:

 Spells                   Type           Power        Failure   Level
 Wereblood                Tmut           21%          6%          2
 Spider Form              Tmut/Pois      5%           28%         3
 Ice Form                 Ice/Tmut       11%          67%         4
 Blade Hands              Tmut           10%          73%         5


Dungeon Overview and Level Annotations

Branches:
Dungeon (3/15)

Altars:
Ashenzari
Okawaru


Innate Abilities, Weirdness & Mutations

(You are partially covered in rugged brown scales. (AC +1, +3% HP))
You are immune to miasma.


Message History

You claw the scorpion, but do no damage.
The scorpion is almost dead.
* * * LOW HITPOINT WARNING * * *
You feel sick. The scorpion stings you.
* * * LOW HITPOINT WARNING * * *
It was a potion of brilliance.
You feel clever all of a sudden.
* * * LOW HITPOINT WARNING * * *
You feel sick. The scorpion misses you.
It was a potion of lignification.
Your horns disappear.
Your talons disappear.
You turn into a tree.
Your +0 robe melds into your body.
Your roots penetrate the ground.
* * * LOW HITPOINT WARNING * * *
You feel sick.
The scorpion stings you but does no damage.
It was a potion of might.
You feel very mighty all of a sudden. The scorpion stings you.
You die...

######+#.## #..
.........# ###
###........##
......?..$.#
#......>..# .
#.........# # ...
#.........# #
.....##.........#
##
.._...s♣........#
##.
......#.........#
##.. .....
#.........# ##...
##.. #..######.#
##...# #. #..#
#.# #...## ..
....# #.###...# #
....# #.##...##
##### #.##...#
#.#...##


You could see a scorpion.

Vanquished Creatures
  An adder (D:3)
  An ooze (D:3)
  A worm (D:2)
  5 dart slugs
  3 leopard geckos (D:1)
  2 orcs (D:3)
  A ball python (D:1)
  3 giant cockroaches
  5 goblins
  7 hobgoblins
  11 kobolds
  6 bats
  2 frilled lizards (D:2)
  6 rats
54 creatures vanquished.

Notes
Turn   | Place    | Note
-------+----------+-------------------------------------------
     0 | D:1      | vvl the Demonspawn Transmuter began the quest for the Orb.
     0 | D:1      | Reached XP level 1. HP: 15/15 MP: 3/3
   132 | D:1      | Reached skill level 2 in Transmutations
  1010 | D:1      | Gained mutation: You are partially covered in rugged brown
                  | scales. (AC +1, +3% HP) [demonic ancestry]
  1010 | D:1      | Reached XP level 2. HP: 15/21 MP: 1/5
  1250 | D:1      | Reached skill level 3 in Transmutations
  1642 | D:1      | Reached XP level 3. HP: 25/26 MP: 4/6
  2611 | D:2      | Found a faded altar of an unknown god.
  2642 | D:2      | Found a broken altar of Ashenzari.
  3258 | D:3      | Gained mutation: You are immune to miasma. [demonic
                  | ancestry]
  3258 | D:3      | Reached XP level 4. HP: 31/32 MP: 7/7
  3318 | D:3      | Reached skill level 4 in Transmutations
  3671 | D:3      | Found an iron altar of Okawaru.
  3693 | D:3      | Slain by a scorpion

Illustrated notes

Levels and vault maps discovered:
D:1:      arrival_zaba_pyramid, layout_basic, st_stairs_12
D:2:      minmay_chambers_of_twos, layout_loops_ring, overflow_temple_1_default,
          chequers_ecumenical_altar_simple
D:3:      layout_basic, nicolae_overflow_crystal_walls, serial_curves,
          eino_curves_02, eino_curves_02, eino_curves_01, fountainhead,
          minmay_misc_feat_rows

Skill      XL: |  1  2  3  4 |
---------------+-------------+-----
Transmutations | 2 3 4 |  4.2
Fighting       | |  1.0
Dodging        | |  1.7
Unarmed Combat | |  2.6
Spellcasting   | |  2.0

Action                   |  1- 3 |  4- 6 || total
-------------------------+-------+-------++-------
Melee: Unarmed           |   143 |       ||   143
       Kick              |    34 |    11 ||    45
       Headbutt          |    14 |     3 ||    17
       Falchion          |     9 |    28 ||    37
 Cast: Beastly Appendage |    31 |     3 ||    34
  Use: Potion            |       |     3 ||     3
Armor: Robe              |    28 |     5 ||    33
       Skin              |       |     1 ||     1
Dodge: Dodged            |    88 |    31 ||   119
Block: Other             |    17 |       ||    17
       Rpst.: Falchion   |     1 |     8 ||     9
